[Event "*** Titled Tuesday 3|2 Blitz"]
[Site "Chess.com"]
[Date "2015.02.24"]
[Round "2"]
[White "bugsbunny444"]
[Black "MinhGTrAn"]
[Result "0-1"]
[WhiteElo "2328"]
[BlackElo "2469"]
[TimeControl "180+2"]
[EndTime "11:23:02 PST"]
[Termination "MinhGTrAn won on time"]

1. Nf3 Nf6 2. c4 b6 3. g3 Bb7 4.
Bg2 e6 5. O-O Be7 6. b3 O-O 7. Bb2 d6 8. Nc3 Nbd7 9. Re1 Nc5 10.
d3 a5 11. a3 e5 12. b4 Ne6 13. e3 Qc8 14. Qc2 Ra6 15. b5 Ra7 16. e4 c6 17.
bxc6 Bxc6 18. Rec1 Rc7 19. Qd1 Nc5 20. Rab1 Qa6 21.
Ba1 Rb8 22. Nb5 Bxb5 23. cxb5 Qc8 24. d4 Ncxe4 25. dxe5 dxe5 26. Nxe5 Bc5 27. Rc2 Qf5 28.
Qf3 Qxf3 29. Bxf3 Re8 30. Nc6 h5 31. Kg2 Ng4 32. Re1 f5 33. h3 Ngxf2 0-1

[Event "*** Titled Tuesday 3|2 Blitz"]
[Site "Chess.com"]
[Date "2015.02.24"]
[Round "2"]
[White "raskolnnikov"]
[Black "BjarkeSahl"]
[Result "1-0"]
[WhiteElo "2278"]
[BlackElo "2123"]
[TimeControl "180+2"]
[EndTime "11:23:05 PST"]
[Termination "raskolnnikov won by resignation"]

1. d4 Nf6 2. c4 c5 3. d5 d6 4. Nc3 g6 5. Nf3 Bg7 6. Bf4 O-O 7. h3 a6 8. e3 Re8 9. a4 Qa5 10. Nd2 e6 11. Be2 e5 12. Bg5 h6 13.
Bh4 g5 14. Bg3 Nbd7 15. h4 Nf8 16. hxg5 hxg5 17. Bd3 e4 18. Bc2 Bf5 19. Bxd6 Rac8 20. Rb1 Qb6 21. Bg3 Ng6 22. Qe2 Ne5 23. Bxe5 Rxe5 24.
Nf1 Bg6 25. g4 Ne8 26. Ng3 Nd6 27. Na2 a5 28. b3 Rce8 29. Kf1 R5e7 30. Kg2 Qc7 31.
Qd2 b6 32. Nc3 Qd7 33. Bd1 Rf8 34. Nb5 Nxb5 35. axb5 Qd6 36. Nh5 Bh8 37. Rh3 f5 38. gxf5 Bxf5 39. Rh2 g4 40. Ng3 Be5 41. Be2 Bxg3 42.
fxg3 Ref7 43. Rbh1 Bg6 44. Rh8+ Kg7 45. Qc3+ Qf6 46.
Qxf6+ Kxf6 47. Rxf8 Rxf8 48. Bxg4 Ke5 49. Rh6 Rf6 50. Be6 1-0

[Event "*** Titled Tuesday 3|2 Blitz"]
[Site "Chess.com"]
[Date "2015.02.24"]
[Round "2"]
[White "Aragon"]
[Black "FytNob"]
[Result "1-0"]
[WhiteElo "2028"]
[BlackElo "1858"]
[TimeControl "180+2"]
[EndTime "11:23:05 PST"]
[Termination "Aragon won by resignation"]

1. e4 c5 2. Nf3 d6 3. Bb5+ Nd7 4.
O-O Nf6 5. Nc3 e6 6. d4 a6 7. Bd3 Be7 8. e5 dxe5 9. dxe5 Nd5 10. Nxd5 exd5 11. Re1 Nf8 12. c3 Ne6 13. Qc2 Qc7 14.
c4 d4 15. a3 b6 16. Rb1 Bb7 17. b4 Bxf3 18. gxf3 g6 19. Be4 Rd8 20. Bh6 Bf8 21. Qa4+ Ke7 22. Bd2 Bg7 23. f4 Rhe8 24. Qxa6 Kf8 25.
Qb5 Bh6 26. Bc6 Re7 27. bxc5 bxc5 28. Ba5 Qa7 29. Bxd8 Nxd8 30. Qb8 Qc7 31. Rb7 Qxc6 32. Qxd8+ Qe8 33. Qb6 Rxb7 34. Qxb7 Bxf4 35. Qe4 Bh6 36. e6 fxe6 37. Qxe6 Qxe6 38. Rxe6 Kf7 39. Rd6 Bf8 40.
Rd5 Ke6 41. a4 Bd6 42. a5 Bc7 43. a6 Bb6 44. Kf1 h6 45. Ke2 Ba7 46. Kd3 Bb6 47. f3 g5 48. h3 Ba7 49. Kc2 Bb6 50. Kb3 Ba7 51. Ka4 Bb6 52. Kb5 Ba7 53. Kc6 1-0

[Event "*** Titled Tuesday 3|2 Blitz"]
[Site "Chess.com"]
[Date "2015.02.24"]
[Round "2"]
[White "stepanosinovsky"]
[Black "monika84"]
[Result "1-0"]
[WhiteElo "2243"]
[BlackElo "2046"]
[TimeControl "180+2"]
[EndTime "11:23:11 PST"]
[Termination "stepanosinovsky won by resignation"]

1. e4 e5 2. Nf3 Nc6 3. Bb5 a6 4.
Ba4 Nf6 5. O-O Be7 6. Re1 b5 7. Bb3 d6 8. Nc3 Na5 9. Nd5 Nxb3 10. axb3 Nxd5 11. exd5 O-O 12. d4 exd4 13. Nxd4 Bf6 14. Nc6 Qd7 15. c3 Bb7 16. Qf3 Rfe8 17. Bf4 Rxe1+ 18. Rxe1 Re8 19. Rxe8+ Qxe8 20. Be3 Bxc6 21. dxc6 Qe6 22. h3 Qxb3 23. Bb6 Bd8 24. Bd4 Qe6 25.
Qg3 Bf6 26. Bxf6 Qxf6 27. Qe3 Qe5 28. Qa7 Qe1+ 29. Kh2 Qe5+ 30. Kg1 Qe1+ 31. Kh2 Qe5+ 32. g3 g6 33. Qxc7 Qe2 34. Qa7 Qxb2 35. c7 Qxc3 36.
Qa8+ Kg7 37. c8=Q Qd4 38. Qh8+ Kh6 39. Qxd4 1-0

[Event "*** Titled Tuesday 3|2 Blitz"]
[Site "Chess.com"]
[Date "2015.02.24"]
[Round "2"]
[White "Cryptochess"]
[Black "Tilicheev_Viacheslav"]
[Result "1-0"]
[WhiteElo "2394"]
[BlackElo "2539"]
[TimeControl "180+2"]
[EndTime "11:23:14 PST"]
[Termination "Cryptochess won by checkmate"]

1. e4 c5 2. Nc3 Nc6 3. g3 g6 4.
Bg2 Bg7 5. d3 e6 6. Be3 d6 7.
Qd2 Nge7 8. Bh6 O-O 9. h4 f6 10.
Bxg7 Kxg7 11. h5 g5 12. h6+ Kh8 13. Nge2 Ng6 14. f4 e5 15. O-O-O Bg4 16. Rdf1 Nd4 17.
Nxd4 cxd4 18. Nd5 Be6 19. f5 Bxd5 20. fxg6 hxg6 21. exd5 Kh7 22. g4 Qd7 23. Qb4 Rac8 24. Be4 Rf7 25. Rf2 a5 26. Qb6 Rc5 27. Rhf1 Rb5 28.
Qa7 Qxg4 29. Qb8 f5 30. Qxd6 Qg3 31. Qe6 Rc7 32. Bxf5 gxf5 33. Qxf5+ Kxh6 34. Rh1+ Qh4 35. Rxh4+ gxh4 36. Qxe5 Rg7 37. Rf6+ Kh7 38. Qf5+ Kg8 39. Rf8# 1-0

[Event "*** Titled Tuesday 3|2 Blitz"]
[Site "Chess.com"]
[Date "2015.02.24"]
[Round "2"]
[White "megarompa"]
[Black "GulamaliRises"]
[Result "1-0"]
[WhiteElo "2670"]
[BlackElo "2328"]
[TimeControl "180+2"]
[EndTime "11:23:18 PST"]
[Termination "megarompa won by resignation"]

1. d4 Nf6 2. c4 e6 3. Nc3 c5 4. e3 a6 5. d5 exd5 6. cxd5 d6 7. a4 g6 8. e4 Bg7 9. Bd3 O-O 10. Nf3 Bg4 11. O-O Nbd7 12. Bf4 Qc7 13. h3 Bxf3 14. Qxf3 c4 15. Bc2 Rfe8 16. Rfe1 Rab8 17.
Rac1 b5 18. axb5 axb5 19. b4 cxb3 20. Bxb3 Nc5 21. Bc2 Nfd7 22. Qg3 Ne5 23. Ne2 Nc4 24. Nc3 Qd7 25. Bd3 Ne5 26. Bb1 b4 27. Ne2 b3 28.
Nd4 Rb4 29. Nc6 Rb5 30. Bxe5 Bxe5 31. f4 Bg7 32. Qf2 b2 33. Rc4 Nb3 34. f5 Rc5 35.
Rxc5 Nxc5 36. f6 Bf8 37. Qxb2 h5 38. Qf2 Bh6 39. Bc2 Kh7 40. e5 Qc7 41. e6 Nxe6 42.
dxe6 Qxc6 43. Qa7 Qc5+ 44. Qxc5 dxc5 45. e7 Bg5 46. Ba4 1-0

[Event "*** Titled Tuesday 3|2 Blitz"]
[Site "Chess.com"]
[Date "2015.02.24"]
[Round "2"]
[White "kesarev"]
[Black "Zvonokchess"]
[Result "1/2-1/2"]
[WhiteElo "2248"]
[BlackElo "2493"]
[TimeControl "180+2"]
[EndTime "11:23:18 PST"]
[Termination "Game drawn by agreement"]

1. Nf3 c5 2. c4 g6 3. g3 Bg7 4.
Bg2 Nc6 5. O-O e6 6. Nc3 Nge7 7. d3 d5 8. Bg5 h6 9. Bf4 O-O 10. a3 b6 11. Qc1 Kh7 12. Rd1 Bb7 13. Rb1 d4 14. Na4 a5 15. Qc2 g5 16. Bd2 Qc7 17. b4 axb4 18. axb4 Nxb4 19. Bxb4 cxb4 20. Rxb4 Rab8 21.
Rdb1 Bc6 22. Nxb6 Ng6 23. c5 Rfd8 24. Nc4 Rxb4 25. Rxb4 Bxf3 26. Bxf3 Qxc5 27. Rb7 Ne5 28. Bg2 Kg8 29. Qb3 Nxc4 30. Qxc4 Rc8 31. Qxc5 Rxc5 32. Bf3 Be5 33. Kg2 Kg7 34. Bh5 Rc7 35. Rxc7 Bxc7 36.
Bf3 f5 37. Bb7 Kf6 38. h3 Ke5 39. g4 Kf4 40. gxf5 exf5 41. Bc8 Bb6 42. Bd7 h5 43. Be8 h4 44. Bh5 g4 45. hxg4 fxg4 46. e3+ dxe3 47. fxe3+ Bxe3 48. Bxg4 Kxg4 49. d4 Bxd4 1/2-1/2

[Event "*** Titled Tuesday 3|2 Blitz"]
[Site "Chess.com"]
[Date "2015.02.24"]
[Round "2"]
[White "VSERGUEI"]
[Black "LyonBeast"]
[Result "0-1"]
[WhiteElo "2441"]
[BlackElo "2758"]
[TimeControl "180+2"]
[EndTime "11:23:19 PST"]
[Termination "LyonBeast won on time"]

1. d4 Nf6 2. c4 g6 3. Nc3 Bg7 4. e4 d6 5. Be2 O-O 6. Nf3 e5 7. Be3 Na6 8. O-O Ng4 9. Bg5 f6 10. Bc1 Nh6 11. a3 Nf7 12. Re1 Bg4 13. d5 c5 14. Rb1 Bd7 15. b4 f5 16. Nd2 b6 17. Qc2 Qf6 18. bxc5 Nxc5 19. Nb3 Nxe4 20. Nxe4 fxe4 21. Bf1 Bh6 22. Be3 Bxe3 23. Rxe3 Ng5 24.
Qe2 Qf4 25. Nd2 Bg4 26. Qe1 Bf5 27. a4 Rf7 28. a5 bxa5 29. c5 dxc5 30. d6 Kh8 31. Bc4 Rd7 32. Be2 Rxd6 33. Nc4 Rd5 34. Qc3 Rf8 35. Rf1 a4 36. Kh1 Be6 0-1

[Event "*** Titled Tuesday 3|2 Blitz"]
[Site "Chess.com"]
[Date "2015.02.24"]
[Round "2"]
[White "Ar4uha"]
[Black "Schemato"]
[Result "1-0"]
[WhiteElo "2445"]
[BlackElo "2050"]
[TimeControl "180+2"]
[EndTime "11:23:21 PST"]
[Termination "Ar4uha won by resignation"]

1. e4 e6 2. c4 c5 3. Nf3 Nc6 4.
Nc3 e5 5. Be2 d6 6. a3 g6 7. b4 cxb4 8. axb4 Nxb4 9. Ba3 Nc6 10.
O-O Be6 11. d3 Nf6 12. Ng5 Be7 13. Nxe6 fxe6 14. Bg4 Nd4 15. Bh3 O-O 16. Ne2 Qd7 17. Nxd4 exd4 18. f4 Rfe8 19. Qb3 Bf8 20. Bb2 Nh5 21.
Bxd4 b6 22. Bb2 Bg7 23. f5 exf5 24. exf5 Bxb2 25. Qxb2 Qe7 26. f6 Qe3+ 27. Kh1 Re5 28. d4 Re4 29. d5 Qd4 30. f7+ Kf8 31. Qa3 Qc5 32. Qc3 Qd4 33. Qc1 Nf4 34. Be6 Nxe6 35. dxe6 Rxe6 36. Qg5 Re7 37. Rae1 Rxe1 38. Rxe1 Rc8 39. Qe7+ 1-0

[Event "*** Titled Tuesday 3|2 Blitz"]
[Site "Chess.com"]
[Date "2015.02.24"]
[Round "2"]
[White "lukas_111111"]
[Black "Tomsel"]
[Result "1-0"]
[WhiteElo "2134"]
[BlackElo "2290"]
[TimeControl "180+2"]
[EndTime "11:23:23 PST"]
[Termination "lukas_111111 won by checkmate"]

1. e4 c5 2. Nf3 e6 3. d4 cxd4 4.
Nxd4 Nc6 5. Nc3 Qc7 6. Be2 a6 7. O-O Nf6 8. Be3 Bb4 9. Nxc6 bxc6 10. f4 Bxc3 11. bxc3 Nxe4 12. Bd4 O-O 13. Bd3 d5 14. Qh5 f5 15. Rae1 c5 16. Be5 Qa5 17. Bxe4 fxe4 18. Re3 Ra7 19. Rh3 g6 20. Qg5 Qd8 21. Qg4 d4 22.
Rxh7 Kxh7 23. Qh3+ Kg8 24. Qh8+ Kf7 25. Qg7+ Ke8 26.
Qxa7 d3 27. Qxc5 d2 28. Rd1 Rf7 29. Qc6+ Rd7 30. Qxe4 Kf7 31. c4 Bb7 32. Qe3 Qc8 33.
Rxd2 Qc6 34. Rxd7+ Qxd7 35. h3 Qc6 36. Qg3 Qxc4 37.
Qg5 Qd5 38. Qf6+ Ke8 39. Qxg6+ Kd7 40. h4 Kc6 41. h5 Qd1+ 42. Kh2 Kb6 43. h6 Qe2 44. h7 Be4 45. Qxe6+ Ka5 46. Bc7+ Ka4 47. Qb3# 1-0

[Event "*** Titled Tuesday 3|2 Blitz"]
[Site "Chess.com"]
[Date "2015.02.24"]
[Round "2"]
[White "oggy1984"]
[Black "GedoGluperd"]
[Result "0-1"]
[WhiteElo "2195"]
[BlackElo "2233"]
[TimeControl "180+2"]
[EndTime "11:23:48 PST"]
[Termination "GedoGluperd won by resignation"]

1. e4 g6 2. d4 Bg7 3. Nc3 d6 4. Nf3 a6 5. a4 b6 6. h3 Nd7 7.
Be3 c5 8. d5 Ngf6 9. Qd2 O-O 10. Be2 Ne5 11. O-O Rb8 12. Nh2 Ned7 13. f4 Ne8 14.
Nf3 Nc7 15. f5 b5 16. axb5 axb5 17. Bh6 b4 18. Bxg7 Kxg7 19. Nd1 f6 20. fxg6 hxg6 21.
Ne3 Ne5 22. Ra7 Rb7 23. Rfa1 Ne8 24. Qe1 Qb6 25. R7a6 Qc7 26. Qg3 Kf7 27. Nxe5+ dxe5 28. Rc6 Qd8 29. d6 Nxd6 30. Qf3 Kg7 31. Kh1 Rc7 32.
Rxc7 Qxc7 33. Nd5 Qb7 34. b3 Be6 35. Ne3 Qxe4 36. Qg3 Ra8 37. Rxa8 Qxa8 38. Bd3 Qe8 39. h4 Qf7 40. h5 g5 41. Bg6 Qg8 42. Qh2 Qh8 43. g4 Kh6 44. Qf2 Qa8+ 45. Kh2 Qa1 46.
Bd3 Qd4 47. Qf3 e4 48. Bxe4 Qxe4 49. Qg3 Qf4 50. Qxf4 gxf4 0-1

[Event "*** Titled Tuesday 3|2 Blitz"]
[Site "Chess.com"]
[Date "2015.02.24"]
[Round "2"]
[White "tigrangharamian"]
[Black "GeorgMeier"]
[Result "1/2-1/2"]
[WhiteElo "2472"]
[BlackElo "2656"]
[TimeControl "180+2"]
[EndTime "11:23:55 PST"]
[Termination "Game drawn by repetition"]

1. Nf3 e6 2. g3 Nf6 3. Bg2 b5 4. O-O Bb7 5. b3 Be7 6. c4 a6 7. Na3 b4 8. Nc2 O-O 9. a3 bxa3 10.
Bxa3 d6 11. Bb2 c5 12. d3 Nc6 13. d4 Qb6 14. Qd3 cxd4 15. Ncxd4 Rfd8 16. Rab1 Nb4 17. Qe3 Be4 18. Rbc1 Qb7 19. Nh4 Bxg2 20. Nxg2 Bf8 21. Rfd1 Rac8 22. Qf3 Qxf3 23. exf3 Nd7 24. Ba3 Nc6 25.
Nxc6 Rxc6 26. Ne3 Rb8 27. b4 Rbc8 28. f4 g6 29. Rb1 h5 30. b5 Rb6 31. bxa6 Rxa6 32.
Bb4 Rb8 33. Bc3 Raa8 34. Bd4 Be7 35. Kg2 Nc5 36. Bxc5 dxc5 37. Kf3 Bf6 38. h3 Bd4 39. Nc2 Bf6 40. Ne3 Rxb1 41. Rxb1 Ra3 42. g4 hxg4+ 43. hxg4 Bd4 44. g5 Rc3 45. Rb7 Bxe3 46. fxe3 Rxc4 47. Rc7 Kf8 48. Rb7 Ke8 49. Rb8+ Ke7 50. Rb7+ Kf8 51. Rb8+ Kg7 52. Rc8 Rc1 53. Ke4 Rc3 54. Kf3 Kh7 55. Ke4 Kg7 56. Kf3 Rc4 57. Ke2 Rc2+ 58. Kd3 Rc1 59.
Kd2 Rc4 60. Kd3 Rc1 61. Kd2 Rc4 62. Kd3 Rc1 63. Kd2 1/2-1/2

[Event "*** Titled Tuesday 3|2 Blitz"]
[Site "Chess.com"]
[Date "2015.02.24"]
[Round "2"]
[White "Zlatan56"]
[Black "chito89"]
[Result "0-1"]
[WhiteElo "2490"]
[BlackElo "2577"]
[TimeControl "180+2"]
[EndTime "11:23:56 PST"]
[Termination "chito89 won by resignation"]

1. e4 e5 2. Nf3 Nc6 3. Nc3 g6 4.
d4 exd4 5. Nxd4 Bg7 6. Be3 Nge7 7. Qd2 d6 8. O-O-O Be6 9. Kb1 Qd7 10. f3 h5 11. h4 a6 12. g3 Nxd4 13. Bxd4 Bxd4 14. Qxd4 O-O-O 15. f4 Nc6 16. Qf2 Bg4 17. Rd2 Rhe8 18. Bg2 Kb8 19. e5 Na5 20. b3 Qe6 21.
Re1 Bf5 22. Kb2 dxe5 23. Rxe5 Qb6 24. Qxb6 cxb6 25. Rxd8+ Rxd8 26. Nd5 Nc6 27. Re2 b5 28. Ne3 Be6 29. Bxc6 bxc6 30. Kc1 Kc7 31. Rd2 Re8 32. Rd3 c5 33. Kd2 Kc6 34. Nd1 Bf5 35. Re3 Rd8+ 36. Kc1 Bg4 37. Nf2 Bf5 38. Nd1 Bg4 39. Nc3 b4 40. Ne2 Bxe2 41. Rxe2 Rd7 42.
Re5 Kd6 43. Rg5 Re7 44. f5 Re5 45. Kd2 Rxf5 46. Rxf5 gxf5 47. Ke3 Ke5 48. Kf3 f4 49. g4 hxg4+ 50. Kxg4 Ke4 51. h5 f3 52. Kg3 Ke3 53. h6 f2 0-1

[Event "*** Titled Tuesday 3|2 Blitz"]
[Site "Chess.com"]
[Date "2015.02.24"]
[Round "2"]
[White "LADIESGET2KNOWME"]
[Black "destroyer305"]
[Result "0-1"]
[WhiteElo "2290"]
[BlackElo "2140"]
[TimeControl "180+2"]
[EndTime "11:24:22 PST"]
[Termination "destroyer305 won by resignation"]

1. d4 Nf6 2. Nc3 c5 3. Bg5 cxd4 4. Qxd4 Nc6 5. Qh4 e6 6. O-O-O Be7 7. e4 Qa5 8. f4 h6 9. e5 Nd5 10. Nxd5 Bxg5 11.
fxg5 exd5 12. gxh6 Rxh6 13. Qg3 Qxa2 14. Qxg7 Rg6 15.
Qh8+ Ke7 16. Nf3 Qa1+ 17. Kd2 Qxb2 18. Qh4+ Kf8 19. Qh8+ Ke7 20. Qh4+ Kf8 21. g3 Qb4+ 22. Qxb4+ Nxb4 23. Kc3 a5 24. Bd3 Rc6+ 25. Kb3 d6 26. Rhf1 Be6 27. exd6 Rxd6 28. Nd4 Rb6 29. Ka3 Nxd3 30.
Rxd3 Rc8 31. Rdf3 Ke7 32. h4 Rb4 33. c3 Rbc4 34. Kb2 b5 35. Re1 b4 36. Ne2 bxc3+ 37.
Rxc3 Rb4+ 38. Kc1 Rcb8 39. Nd4 Rxd4 40. h5 a4 41. h6 Rh8 42. Rc7+ Kd6 43. Ra7 Rxh6 44.
Kc2 Rh2+ 45. Kc3 Rc4+ 46. Kd3 Rg2 47. Ra6+ Kc5 48. Re2 Rxg3+ 49. Kd2 Rgc3 50. Ke1 Re4 51. Rxe4 dxe4 52. Rxa4 Kd5 53. Kd2 Rh3 54. Ra6 Ke5 55. Ke2 Kf4 56. Ra1 Rh2+ 57. Ke1 Rh1+ 0-1

[Event "*** Titled Tuesday 3|2 Blitz"]
[Site "Chess.com"]
[Date "2015.02.24"]
[Round "2"]
[White "FlySooHigh"]
[Black "Enozen"]
[Result "1/2-1/2"]
[WhiteElo "2351"]
[BlackElo "2474"]
[TimeControl "180+2"]
[EndTime "11:24:32 PST"]
[Termination "Game drawn by agreement"]

1. e4 e5 2. Bc4 Nf6 3. d3 Nc6 4.
Nf3 Be7 5. O-O O-O 6. Bb3 d6 7. c3 Na5 8. Bc2 c5 9. Nbd2 Re8 10. Re1 Bf8 11. Nf1 Nc6 12. h3 g6 13. Ne3 Bg7 14. Bb3 Be6 15. Ng5 Bxb3 16. Qxb3 Qc7 17. Nd5 Nxd5 18. Qxd5 h6 19. Nf3 Ne7 20. Qb3 Rad8 21.
c4 f5 22. Bd2 Rf8 23. Bc3 fxe4 24. dxe4 Rxf3 25. gxf3 Rf8 26. Qd1 Qd7 27. Kh2 g5 28. Rg1 Ng6 29. Rg3 Kh7 30. Qe2 Nf4 31.
Qd2 Nh5 32. Qd3 Nxg3 33. fxg3 h5 34. g4 hxg4 35. hxg4 Qf7 36. Kg2 Qf6 37. Rh1+ Kg6 38. Bd2 Qe6 39. Rh5 Bf6 40. b3 a6 41. Qe3 Qe7 42. a4 b6 43. Kg3 Kg7 44. Bc1 Rh8 45. Rxh8 Kxh8 46. Qd2 Qe6 47. Qh2+ Kg7 48. Qh5 Qe7 49. Kf2 Qd8 50. Ke2 Qe7 51. Qh1 Qf7 52. Be3 Qg8 53. Qd1 Be7 54. Qd5 Qxd5 55. exd5 a5 56. Kd3 Kg6 57. Ke4 Bf6 1/2-1/2

[Event "*** Titled Tuesday 3|2 Blitz"]
[Site "Chess.com"]
[Date "2015.02.24"]
[Round "2"]
[White "SuPeR_Fm"]
[Black "GMHess"]
[Result "0-1"]
[WhiteElo "2343"]
[BlackElo "2493"]
[TimeControl "180+2"]
[EndTime "11:24:34 PST"]
[Termination "GMHess won by resignation"]

1. d4 g6 2. c4 Bg7 3. Nf3 d6 4. Nc3 c5 5. e3 cxd4 6. Nxd4 Nf6 7. Be2 O-O 8. O-O Nc6 9. Nxc6 bxc6 10. Qc2 Rb8 11.
b3 Bf5 12. Bd3 Bxd3 13. Qxd3 d5 14. Bb2 Qd6 15. Rfd1 Ng4 16. g3 Qe5 17. Na4 Qh5 18. h4 Ne5 19. Bxe5 Bxe5 20. Rac1 e6 21. e4 d4 22. f4 Bxf4 23. gxf4 Qg4+ 24. Kf2 Qxf4+ 25. Ke2 Qh2+ 26. Ke1 Qxh4+ 27. Kd2 f5 28. Nc5 e5 29. Rh1 Qe7 30. Na4 fxe4 31. Qxe4 Rf2+ 32. Kd3 Rbf8 33. Rh3 Qe6 34. Rch1 R8f4 35. Nc5 Qg4 36. Qxe5 R4f3+ 37. Rxf3 Qxf3+ 38. Kxd4 Rd2+ 39. Nd3 Rxd3+ 40. Kc5 Qxh1 41.
Qe8+ Kg7 42. Qe7+ Kh6 43. Qf8+ Kh5 44. Qg7 Qg1+ 45. Kb4 Qb6+ 46. Ka4 Qa6+ 47. Kb4 Qb6+ 48. Ka3 Qa5+ 49. Kb2 Qd2+ 50. Ka3 Rd7 51. Qe5+ Kh6 52.
Qf6 Qd6+ 0-1

[Event "*** Titled Tuesday 3|2 Blitz"]
[Site "Chess.com"]
[Date "2015.02.24"]
[Round "2"]
[White "gawk"]
[Black "FabianEnglert"]
[Result "1/2-1/2"]
[WhiteElo "2052"]
[BlackElo "2232"]
[TimeControl "180+2"]
[EndTime "11:24:44 PST"]
[Termination "Game drawn by agreement"]

1. c4 e6 2. g3 d5 3. Bg2 d4 4.
Nf3 Nc6 5. O-O Nf6 6. e3 Be7 7. exd4 Nxd4 8. Nxd4 Qxd4 9. d3 e5 10. Nc3 c6 11. Be3 Qd8 12. h3 O-O 13. Rb1 a5 14. a3 Be6 15. b4 axb4 16. axb4 Ra3 17. Qc2 Qd7 18. Kh2 h5 19. Ne4 Qxd3 20. Qxd3 Rxd3 21.
Rfc1 Bf5 22. Nxf6+ Bxf6 23. Ra1 h4 24. g4 Be6 25.
Ra7 b5 26. cxb5 cxb5 27. g5 Rxe3 28. fxe3 Bxg5 29. Rc3 Bc4 30. Rd7 Kh7 31. Bd5 Rc8 32. Bxf7 Bxf7 33. Rxc8 Be6 34. Rdc7 Bxc8 35. Rxc8 Bxe3 36.
Rb8 Kg6 37. Kg2 Kf5 38. Kf3 Bd2 39. Rxb5 g5 40. Rb8 e4+ 41. Ke2 Bf4 42. Rb5+ Ke6 43.
Rc5 Bd6 44. Rxg5 Bxb4 45. Rh5 Be7 46. Ke3 Kf7 47. Kxe4 Kg6 48. Rf5 Bd6 49. Rd5 Bg3 50. Kf3 Kf6 51. Kg4 Ke6 52. Rf5 Ke7 53. Kf3 Ke6 54.
Ke4 Ke7 55. Kd5 Kd7 56. Rf6 Ke7 57. Rf5 Kd7 58. Kd4 Ke6 59. Ke4 Be1 60. Rb5 Bf2 61.
Ra5 Kf6 62. Kf4 Bg3+ 63. Kg4 Ke6 64. Rh5 Kf6 65. Rh6+ Kg7 66. Ra6 Kf7 67. Kg5 Ke7 68. Kg6 Bf2 69. Kf5 Bg3 70. Ra7+ Kd6 1/2-1/2

[Event "*** Titled Tuesday 3|2 Blitz"]
[Site "Chess.com"]
[Date "2015.02.24"]
[Round "2"]
[White "AnthonyWirig"]
[Black "petrpalachev"]
[Result "0-1"]
[WhiteElo "2544"]
[BlackElo "2405"]
[TimeControl "180+2"]
[EndTime "11:24:49 PST"]
[Termination "petrpalachev won by resignation"]

1. d4 Nf6 2. Nf3 d5 3. c3 Bf5 4. Nbd2 e6 5. Nh4 Bg4 6. h3 Bh5 7. Qb3 Qc8 8. g4 Bg6 9. Nxg6 hxg6 10. Bg2 c5 11. e3 Nc6 12. f4 Bd6 13. O-O Qc7 14. Nf3 Ne4 15. Nd2 Nf6 16. Nf3 Ne4 17. Ne5 Bxe5 18. fxe5 Ng5 19. e4 Nxh3+ 20. Bxh3 Rxh3 21.
exd5 exd5 22. Qxd5 cxd4 23. cxd4 Rd8 24. Qg2 Rd3 25.
Bf4 R8xd4 26. Rae1 Nd8 27. Be3 Rc4 28. Qh3 Ne6 29.
Qh8+ Ke7 30. Qh4+ g5 31. Bxg5+ Nxg5 32. Qxg5+ Kf8 33. Qf5 Qc5+ 34. Rf2 Qc7 35. Kg2 Rdd4 36. Kg3 Rxg4+ 37. Qxg4 Rxg4+ 38. Kxg4 Kg8 39. Ree2 Qd7+ 40. Kg3 Qe6 41. Kg2 Qxa2 42. Rf3 Qe6 43. Rfe3 b5 44. Kf2 a5 45. Rd2 g6 46. Rd8+ Kg7 47. Rd2 Qf5+ 48. Ke2 a4 49. Ke1 b4 50. Ke2 b3 51. Ke1 Qb1+ 52.
Ke2 Qc1 53. Rc3 Qxc3 54. bxc3 a3 55. e6 fxe6 56. Rd7+ Kf6 57. Kd2 a2 0-1

[Event "*** Titled Tuesday 3|2 Blitz"]
[Site "Chess.com"]
[Date "2015.02.24"]
[Round "2"]
[White "9ShMat2"]
[Black "Hikaru"]
[Result "0-1"]
[WhiteElo "2433"]
[BlackElo "2852"]
[TimeControl "180+2"]
[EndTime "11:24:51 PST"]
[Termination "Hikaru won by resignation"]

1. e4 d6 2. d4 g6 3. Nc3 Bg7 4. Be3 a6 5. Qd2 b5 6. f4 Bb7 7. Nf3 b4 8. Nd5 a5 9. Bf2 e6 10. Bh4 Qd7 11. Bb5 Bc6 12. Bxc6 Qxc6 13. Ne3 Qxe4 14. O-O Nf6 15. Rae1 Nd5 16. Nc4 Qf5 17. Bg5 h6 18. Nh4 Qg4 19. h3 Qg3 20.
Rf3 Qxe1+ 21. Qxe1 Bxd4+ 22. Kh1 hxg5 23. fxg5 Ne7 24.
Rf1 Nbc6 25. Nf3 Bg7 26. Qd2 d5 27. Ne3 Bxb2 28. Qd3 Bg7 29. Kg1 Rb8 30. Re1 Kd7 31.
Kf2 a4 32. Rd1 Rhd8 33. h4 b3 34. cxb3 axb3 35. axb3 Rb4 36. Nc2 Rb6 37. g4 Rdb8 38. Nd2 Ne5 39. Qe2 Rc6 40. Ne3 Rb4 41. Ndc4 Nxc4 42. bxc4 d4 43. Rd2 Ke8 44. Nc2 Rbxc4 45. h5 Nd5 46. h6 Bh8 47. Qe4 Nc3 48. Qh1 d3 49. Rxd3 Ne4+ 50. Ke3 Nxg5 51. Ne1 Re4+ 52. Kf2 Ra6 53. Nc2 Ra2 54. Qb1 Rb2 55. Qc1 Bf6 56.
Kf1 Rc4 57. Qa1 Rf4+ 58. Ke1 Re4+ 59. Kf1 Rf4+ 60. Ke1 Rb8 61. Qa2 Kf8 62. Qa5 Rc4 63. Ne3 Rc1+ 64. Kd2 Rc6 65. Qa4 Rc5 66. Qa3 Kg8 67.
Qxc5 Ne4+ 0-1

[Event "*** Titled Tuesday 3|2 Blitz"]
[Site "Chess.com"]
[Date "2015.02.24"]
[Round "2"]
[White "Rogue_King"]
[Black "Carolina-moon"]
[Result "1-0"]
[WhiteElo "2013"]
[BlackElo "1936"]
[TimeControl "180+2"]
[EndTime "11:25:02 PST"]
[Termination "Rogue_King won by resignation"]

1. d4 f5 2. Nf3 Nf6 3. Bg5 g6 4.
h4 Bg7 5. h5 gxh5 6. Ne5 d6 7. Nd3 Nc6 8. e3 Be6 9. Nf4 Bf7 10.
Bxf6 Bxf6 11. Nxh5 Qd7 12. Bb5 a6 13. Ba4 b5 14.
Bb3 Bxh5 15. Qxh5+ Kd8 16. Qf7 Qe8 17. Rxh7 Qxf7 18.
Rxh8+ Qe8 19. Rxe8+ Kxe8 20. Bd5 Kd7 21. Nd2 Rh8 22. Ke2 Nb4 23. Bb3 c5 24. c3 Nc6 25.
Bd5 Nd8 26. dxc5 dxc5 27. Nb3 e6 28. Bf3 Be7 29. a4 b4 30. c4 Nf7 31. Rd1+ Kc7 32. Na5 Ne5 33. b3 Kb6 34. Nc6 Nxf3 35.
Nxe7 Ne5 36. f4 Ng4 37. Ng6 Rh2 38. Kf3 Rh6 39. Rd6+ Kb7 40. Rxe6 Rh1 41. Re7+ Kc8 42. Ne5 Rf1+ 43. Ke2 Rf2+ 44. Kd3 Rxg2 45. Nxg4 fxg4 46. Rg7 g3 47. Ke4 Rg1 48. Kd5 g2 49. Kc6 Kd8 50. Kxc5 Ke8 51. Kxb4 Kf8 52. Rg5 Kf7 53. e4 Kf6 54. e5+ Kf7 55. c5 Ke6 56. c6 Kd5 57. c7 Rc1 58. Rxg2 Rxc7 59. Rg6 Rc5 60. Rxa6 Rc1 61. Rf6 Rc8 62. a5 Rb8+ 63. Ka4 Kc5 64. e6 Kd6 65. f5 Ke7 66. Rf7+ Ke8 67. a6 Ra8 68. a7 Rc8 69. b4 Rd8 70. b5 Rd4+ 71.
Ka5 Rd8 72. b6 Rd5+ 73. Ka6 Rd8 74. b7 Rd6+ 75. Kb5 Rd5+ 76. Kc4 Rd8 77. b8=Q 1-0

[Event "*** Titled Tuesday 3|2 Blitz"]
[Site "Chess.com"]
[Date "2015.02.24"]
[Round "2"]
[White "lorcho"]
[Black "LuckyTiger"]
[Result "1/2-1/2"]
[WhiteElo "2375"]
[BlackElo "2530"]
[TimeControl "180+2"]
[EndTime "11:25:06 PST"]
[Termination "Game drawn by repetition"]

1. e4 e6 2. d4 d5 3. Nd2 Nc6 4.
Ngf3 Nf6 5. e5 Nd7 6. c3 a5 7. Bd3 b6 8. Qe2 Ncb8 9. b3 Be7 10. h4 Ba6 11. c4 Nc6 12. a3 dxc4 13. bxc4 Nxd4 14.
Nxd4 Nc5 15. Bb2 Nxd3+ 16. Qxd3 c5 17. Qg3 cxd4 18. Qxg7 Kd7 19. Qxf7 Qf8 20. Qxf8 Rhxf8 21. Bxd4 Kc7 22. g3 Rad8 23. Be3 a4 24. Ke2 b5 25. Rhc1 bxc4 26. Nxc4 Rb8 27. Ke1 Kd7 28. Nb6+ Ke8 29. Nxa4 Kf7 30. Nc5 Bxc5 31. Rxc5 Rb2 32. Rc6 Ra8 33. Rd6 Bb5 34. Rd2 Rb3 35. Rda2 Ra4 36. Rc2 Kg6 37. Kd2 Kf5 38. Rc3 Rb2+ 39. Kc1 Re2 40. Rc2 Re1+ 41. Kb2 Rxa1 42. Kxa1 Rxa3+ 43. Kb2 Ra4 44. Bf4 Bc4 45. Kc3 Bd5 46.
Kd2 Bf3 47. Ke3 Ra3+ 48. Kd2 h5 49. Rc3 Ra2+ 50. Ke3 Kg4 51. Rc8 Ra3+ 52. Kd4 Bd5 53. Rg8+ Kf3 54. Be3 Ra2 55. Rg5 Rc2 56. Kd3 Be4+ 57.
Kd4 Bd5 58. Kd3 Be4+ 59. Kd4 Bd5 60. Kd3 Be4+ 61. Kd4 Bd5 62. Kd3 Be4+ 63. Kd4 Bd5 64. Kd3 Be4+ 65. Kd4 1/2-1/2

[Event "*** Titled Tuesday 3|2 Blitz"]
[Site "Chess.com"]
[Date "2015.02.24"]
[Round "2"]
[White "BeerLag"]
[Black "EltajSafarli"]
[Result "1-0"]
[WhiteElo "2406"]
[BlackElo "2595"]
[TimeControl "180+2"]
[EndTime "11:25:08 PST"]
[Termination "BeerLag won on time"]

1. e4 c5 2. Nf3 e6 3. d3 d5 4.
Nbd2 Nc6 5. g3 g6 6. Bg2 Bg7 7. O-O Nge7 8. c3 b6 9. Rb1 a5 10. Re1 Ra7 11. e5 h6 12. h4 Rd7 13. d4 g5 14.
hxg5 hxg5 15. Nf1 g4 16. Nh4 Kf8 17. Qxg4 Ba6 18. Bg5 Rc7 19. Qf4 Qc8 20. Ne3 cxd4 21. cxd4 a4 22. Ng4 Nb4 23. Bf6 Rg8 24. Nh6 Bxh6 25.
Qxh6+ Ke8 26. Red1 Bd3 27. Rbc1 Bc2 28. Rd2 Nxa2 29.
Ra1 Nb4 30. Bf1 Qd7 31. Nf3 Be4 32. Ng5 Bg6 33. b3 axb3 34. Rb2 Nf5 35. Qh3 Nxd4 36.
Qg4 Nbc2 37. Ra8+ Rc8 38. Rxc8+ Qxc8 39. Rxb3 Qc6 40. Rb2 Kd7 41. Ra2 Ra8 42. Rxa8 Qxa8 43. Qd1 b5 44. Kh2 b4 45. Bd3 Qa1 46. Bxc2 Nxc2 47.
Qe2 Nd4 48. Qd2 1-0